 Dungeon Crawl Stone Soup version 0.27.1 (webtiles) character file.

Game seed: 3915094420356896477

37 Sabo the Shield-Bearer (level 3, 0/23 HPs)
             Began as a Gargoyle Fighter on Sept 2, 2021.
             Slain by Terence (1 damage)
             ... on level 2 of the Dungeon.
             The game lasted 00:05:58 (1319 turns).

Sabo the Shield-Bearer (Gargoyle Fighter)           Turns: 1319, Time: 00:05:59

Health: 0/23       AC: 11    Str: 20    XL:     3   Next: 41%
Magic:  3/3        EV:  7    Int:  8    God:
Gold:   62         SH:  9    Dex:  9    Spells: 2/2 levels left

rFire    . . .     SeeInvis .   k - staff of poison
rCold    . . .     Faith    .   c - +0 kite shield
rNeg     + . .     Spirit   .   b - +0 scale mail
rPois    ∞         Reflect  .   (no helmet)
rElec    +         Harm     .   l - +0 cloak
rCorr    .         Rampage  .   (no gloves)
Will     .....                  (no boots)
Stlth    ..........             (no amulet)
HPRegen  0.07/turn              (no ring)
MPRegen  0.08/turn              (no ring)

@: mighty
A: sickness immunity, AC +3, negative energy resistance 1, electricity
resistance, torment resistance 1, petrification resistance
a: no special abilities


You were on level 2 of the Dungeon.
You visited 1 branch of the dungeon, and saw 3 of its levels.

You collected 62 gold pieces.

Inventory:

Hand Weapons
 a - a +0 flail
Armour
 b - a +0 scale mail (worn)
 c - a +0 kite shield (worn)
 l - a +0 cloak (worn)
Magical Staves
 h - a staff of death
 k - a staff of poison (weapon)
Scrolls
 g - 2 scrolls of teleportation {unknown}
 j - a scroll of vulnerability {unknown}
Potions
 e - 2 potions of degeneration {unknown}
 f - a potion of flight {unknown}
 i - 2 potions of brilliance {unknown}
 m - a potion of berserk rage {unknown}


   Skills:
 + Level 3.5 Fighting
 + Level 2.2(2.3) Maces & Flails
 + Level 1.0(1.7) Staves
 + Level 3.6 Armour
 + Level 0.3 Dodging
 + Level 0.1 Stealth
 + Level 3.8 Shields


You had 2 spell levels left.
You didn't know any spells.
Your spell library contained the following spells:

 Spells                   Type           Power      Damage    Failure   Level
 Pain                     Necr           0%         1d4       99%         1
 Agony                    Necr           0%         N/A       100%        5
 Excruciating Wounds      Necr           0%         N/A       100%        5


Dungeon Overview and Level Annotations

Branches:
Dungeon (3/15)

Altars:

Annotations:
D:2 Terence


Innate Abilities, Weirdness & Mutations

You are immune to sickness and miasma.
Your stone body is resilient. (AC +3)
You are immune to poison.
You resist negative energy. (rN+)
You are resistant to electric shocks. (rElec)
You are resistant to unholy torment.
You are immune to petrification.


Message History

You closely miss Terence.
Terence is lightly wounded.
Terence barely misses you.
You hit Terence but do no damage.
Terence is lightly wounded.
You block Terence's attack. Terence barely misses you.
You barely miss Terence.
Terence is lightly wounded.
Terence hits you but does no damage.
You hit Terence.
Terence is moderately wounded.
You block Terence's attack.
You hit Terence but do no damage.
Terence is moderately wounded.
Terence hits you but does no damage. Terence hits you with a +0 mace.
You hit Terence but do no damage.
Terence is moderately wounded.
You block Terence's attack.
You hit Terence.
Terence is moderately wounded.
Terence hits you with a +0 mace.
* * * LOW HITPOINT WARNING * * *
You closely miss Terence.
Terence is moderately wounded.
Terence hits you with a +0 mace.
* * * LOW HITPOINT WARNING * * *
You block Terence's attack.
You hit Terence.
Terence is moderately wounded.
You block Terence's attack.
You feel very mighty all of a sudden. Terence looks scornfully at you.
You block Terence's attack.
You hit Terence.
Terence is heavily wounded.
You block Terence's attack.
You hit Terence.
Terence is heavily wounded.
Terence hits you with a +0 mace.
You die...

#.#........P♣♣♣P.
###.#..#####P.P.P...
###...#......).PP♣....
#.....##.####....P....
#)†...##)...#.........
#>....##..#.#......>..
#.....##..# #.........
#.....##..# #.........
#.....##..# #.@@....[.
###.#.#...# #.........
#.......# #.........
###.....# #.........
♣♣♣#......##♣♣♣♣♣♣
♣.##.### ♣.. .# ♣..# #
####


You could see Terence.

Vanquished Creatures
  2 adders (D:3)
  An orc (D:2)
  A goblin (D:2)
  4 hobgoblins (D:1)
  A kobold (D:1)
  A quokka (D:1)
  4 ball pythons
  3 bats
  A frilled lizard (D:1)
  A rat (D:2)
19 creatures vanquished.

Vanquished Creatures (others)
  4 plants (D:2)
4 creatures vanquished.

Grand Total: 23 creatures vanquished

Notes
Turn   | Place    | Note
-------+----------+-------------------------------------------
     0 | D:1      | Sabo the Gargoyle Fighter began the quest for the Orb.
     0 | D:1      | Reached XP level 1. HP: 14/14 MP: 1/1
   285 | D:1      | Reached XP level 2. HP: 12/19 MP: 2/2
   939 | D:2      | You fall into a shaft and drop 1 floor!
   984 | D:3      | Reached XP level 3. HP: 9/23 MP: 3/3
  1289 | D:2      | Reached skill level 1 in Staves
  1291 | D:2      | Noticed Terence
  1315 | D:2      | HP: 1/23 [Terence (5)]
  1319 | D:2      | Slain by Terence

Illustrated notes

Levels and vault maps discovered:
D:1:      saegor_arrival_simple_d, layout_basic
D:2:      layout_basic, serial_forest, infiniplex_forest_clump_double,
          infiniplex_forest_end_double, infiniplex_forest_zigzag_1,
          infiniplex_forest_fountain, infiniplex_forest_end_1,
          infiniplex_forest_lined_room_, infiniplex_forest_lined_corner,
          minmay_rat_gold_closets, uniq_jessica, uniq_terence
D:3:      layout_rooms, gammafunk_ghost_arena, ebering_ecumenical_altar_mist,
          st_stairs_5, hangedman_decor_growths, uniq_grinder

Skill      XL: |  1  2  3 |
---------------+----------+-----
Staves         | 1 |  1.0
Fighting       | |  3.5
Maces & Flails | |  2.2
Armour         | |  3.6
Dodging        | |  0.3
Stealth        | |  0.1
Shields        | |  3.8

Action                   || total
-------------------------++-------
Melee: Flail             ||    20
       Staff             ||   102
  Use: Potion            ||     1
Armor: Scale mail        ||    67
Dodge: Dodged            ||    49
Block: Kite shield       ||    83
